Workbook

Sheet B.Research
A1: APPENDIX B
A2: Budget Table for Research Awards
A3: Programs: Community-led Research Fund, Expedition Fund, Postdoctoral Fellowship Award, Living Lab Fund, Canadian Integrated Ocean Observing System, Early Career Researcher Award, Ocean Alkanity Enhancement (MEOPAR and Carbon To Sea Canada)
A4: Instructions
A5: Only include the amount of funding requested from MEOPAR, not the total funding for your project.
A6: Project Title:
A7: Principal Investigator:
A8: Institution:
A9: Project Duration:
A10: From:
A11: To:
B13: FY 2026/2027 | C13: FY 2027/2028 | D13: FY 2028/2029
A14: Category | B14: 2026-04-01 to 2027-03-31 | C14: 2027-04-01 to 2028-03-31 | D14: 2028-04-01 to 2029-03-31 | E14: Subtotal
A15: A. Personnel costs
A16: Staff members | E16: =SUM(B16:D16) -> 0
A17: Technicians | E17: =SUM(B17:D17) -> 0
A18: Postdoctoral fellows | E18: =SUM(B18:D18) -> 0
A19: PhD students | E19: =SUM(B19:D19) -> 0
A20: Masters degree students | E20: =SUM(B20:D20) -> 0
A21: Other (specify in cell below) | E21: =SUM(B21:D21) -> 0
A23: Subtotal | B23: =SUM(B16:B21) -> 0 | C23: =SUM(C16:C21) -> 0 | D23: =SUM(D16:D21) -> 0 | E23: =SUM(E16:E21) -> 0
A24: B. Direct costs
A25: Operations of Core Research Facilities | E25: =SUM(B25:D25) -> 0
A26: Equipment | E26: =SUM(B26:D26) -> 0
A27: Direct Cost of Knowledge Creation | E27: =SUM(B27:D27) -> 0
A28: Professional & Technical Services | E28: =SUM(B28:D28) -> 0
A29: Materials & Supplies | E29: =SUM(B29:D29) -> 0
A30: Research-related Travel | E30: =SUM(B30:D30) -> 0
A31: Research-related Hospitality | E31: =SUM(B31:D31) -> 0
A32: Publication costs/Dissemination | E32: =SUM(B32:D32) -> 0
A33: Other (specify in cell below) | E33: =SUM(B33:D33) -> 0
A35: Subtotal | B35: =SUM(B25:B33) -> 0 | C35: =SUM(C25:C33) -> 0 | D35: =SUM(D25:D33) -> 0 | E35: =SUM(E25:E33) -> 0
A36: C. Indirect costs
A37: Overhead costs (cannot exceed 15% of project costs) use next tab for these calculations | B37: ='B1.IndirectCostCalculations'!N53 -> 0 | C37: ='B1.IndirectCostCalculations'!D53 -> 0 | D37: ='B1.IndirectCostCalculations'!G53 -> 0 | E37: =+SUM(B37:D37) -> 0
A38: Calculation overhead costs | B38: =IFERROR(B37/(B35+B23),0) -> 0 | C38: =IFERROR(C37/(C35+C23),0) -> 0 | D38: =IFERROR(D37/(D35+D23),0) -> 0 | E38: =IFERROR(E37/(E35+E23),0) -> 0
A39: Subtotal | B39: =B37 -> 0 | C39: =C37 -> 0 | D39: =D37 -> 0 | E39: =E37 -> 0
A40: Total costs (A+B+C) | B40: =B35+B23+B39 -> 0 | C40: =C35+C23+C39 -> 0 | D40: =D35+D23+D39 -> 0 | E40: =E35+E23+E39 -> 0
A43: NOTES
A44: A. Personnel costs
A45: - Salaries: Maximum renumeration costs paid with MEOPAR award funds (including all salaries and rates charged by contractors) cannot exceed the current Full-Time Equivalent rates of pay for public service employees for similar function and classifications (e.g. SE Scientific Research, AS Administrative Services; CM Communications). Recipients are encouraged to use the GC Jobs 'Search Archives' feature to find appropriate comparisons.
A46: - Technicians: Can include a variety of technical roles within your organization.
A47: B. Direct costs
A48: - Equipment costs must be < $250k. Eligible costs include: scientific collections; costs of computer hardware or software (except where the scale of costs fall within the mandate of the Digital Research Alliance of Canada); information databases. For items > $10k, item specifics must be in the budget justification.
A49: - Travel costs should be in line with the National Joint Council Travel Directive.
A50: - Hospitality costs must be aligned with standards set out in Appendix B of the Directive on Travel, Hospitality, Conference and Event Expenditures
A51: - Professional & Technical Services: Contracted services. Examples: community experts, language translation, artwork, graphic design, etc.
A52: - Other items should be specified in the budget justification.
A53: C. Indirect costs
A54: - Overhead costs: This type of expense, up to 15%, is eligible provided that the rate is established considering the scale of the project (i.e., not using a general flat-rate percentage charge [such as 15%] that does not consider context). Justification is required for use of this category in the form of a narrative description of what is being scoped into this category, how it is costed, and why it is required. Please note: for post-secondary institutions, funding from MEOPAR is not part of the calculation for the Research Support Fund.

Sheet B1.IndirectCostCalculations
A1: APPENDIX B1 | I1: #VALUE!
A2: Budget Table for Indirect Cost Justification
A3: Programs: Community-led Research Fund, Expedition Fund, Postdoctoral Fellowship Award, Ocean Alkalinity Enhancement (MEOPAR and Carbon To Sea Canada) Canadian Integrated Ocean Observing System, Early Career Researcher Award
A4: Instructions
A5: Under the Strategic Science Fund regulations, flat rate indirect costs are not permissible. While up to 15% of the total project budget is permissible, the connection between these indirect costs and the funded project must be clear. Appendix B1 is required and will facilitate speedy MEOPAR compliance checks and the smooth negotiation of the Ultimate Recipient Agreement, the funding contract. Complete the rows that are relevant to the indirect expenses expected under the proposed project. For example, funds where salaries are not eligible expenses should not have elements under Human Resources, etc. | R5: Note: SSF Program Guide Eligible Costs
A6: Project Title: | B6: =B.Research!B6 -> 0
A7: Institution: | B7: =B.Research!B8 -> 0
A8: Total Requested from MEOPAR:
A9: Project Duration:
A10: From: | B10: =B.Research!B10 -> 0
A11: To: | B11: =B.Research!B11 -> 0
A13: Category | B13: April 1, 2027 - March 31, 2028 Fiscal Year (FY) | E13: April 1, 2028 - October 31, 2028 | H13: Subtotal | L13: Fiscal Year 1: April 1, 2026 - March 31, 2027
B14: Amount requested FY27-28 (App B: C22 + C33): | D14: =B.Research!C23+B.Research!C35 -> 0 | E14: Amount requested FY28-29 (App B: D22 + D33): | G14: =B.Research!D23+B.Research!D35 -> 0 | I14: Source these values from Appendix B (Personnel Costs + Direct Costs, only)! | L14: Amount requested FY1 (App B: B22 + B33): | N14: =B.Research!B23+B.Research!B35 -> 0
B15: Hourly Rate FY27-28 | C15: # of Hours FY27-28 | D15: FY2: 27-28 | E15: Hourly Rate FY8-29 | F15: # of Hours FY28-29 | G15: FY28-29 | I15: Relationship to the Project and Notes | J15: Guidance | L15: Hourly Rate FY1 | M15: # of Hours FY1 | N15: FY1: 26-27
A16: A. Human Resources
A17: Hiring of new individuals | D17: =C17*B17 -> 0 | G17: =F17*E17 -> 0 | H17: =SUM(N17,D17,G17) -> 0 | J17: Including benefits administration. If no new hires are expected, this should be left blank. | N17: =M17*L17 -> 0
A18: Payroll Administration | D18: =C18*B18 -> 0 | G18: =F18*E18 -> 0 | H18: =SUM(N18,D18,G18) -> 0 | J18: If payroll is not allowed under the fund, this should be left blank. | N18: =M18*L18 -> 0
A19: Other (Clarify in Notes) | D19: =C19*B19 -> 0 | G19: =F19*E19 -> 0 | H19: =SUM(N19,D19,G19) -> 0 | N19: =M19*L19 -> 0
A20: Subtotal A | D20: =SUM(D17:D19) -> 0 | G20: =SUM(G17:G19) -> 0 | H20: =SUM(H17:H19) -> 0 | N20: =SUM(N17:N19) -> 0
A21: B. Financial tracking
A22: Set-up financial tracking | D22: =B22*C22 -> 0 | G22: =E22*F22 -> 0 | H22: =SUM(N22,D22,G22) -> 0 | N22: =L22*M22 -> 0
A23: Ongoing Financial Tracking | D23: =B23*C23 -> 0 | G23: =E23*F23 -> 0 | H23: =SUM(N23,D23,G23) -> 0 | N23: =L23*M23 -> 0
A24: Annual Reporting | D24: =B24*C24 -> 0 | G24: =E24*F24 -> 0 | H24: =SUM(N24,D24,G24) -> 0 | N24: =L24*M24 -> 0
A25: Audit, if applicable | D25: =B25*C25 -> 0 | G25: =E25*F25 -> 0 | H25: =SUM(N25,D25,G25) -> 0 | J25: MEOPAR generally does not require an audit, but your institution may. Please check the application guide to confirm. | N25: =L25*M25 -> 0
A26: Other (Clarify in Notes) | D26: =B26*C26 -> 0 | G26: =E26*F26 -> 0 | H26: =SUM(N26,D26,G26) -> 0 | N26: =L26*M26 -> 0
A27: Subtotal B | D27: =SUM(D22:D26) -> 0 | G27: =SUM(G22:G26) -> 0 | H27: =SUM(H22:H26) -> 0 | N27: =SUM(N22:N26) -> 0
A28: C. Support for Project Activities
A29: Oversight | D29: =B29*C29 -> 0 | G29: =E29*F29 -> 0 | H29: =SUM(N29,D29,G29) -> 0 | J29: e.g. compliance, project support: guidance, progress, and outcomes | N29: =L29*M29 -> 0
A30: Invoice payment | D30: =B30*C30 -> 0 | G30: =E30*F30 -> 0 | H30: =SUM(N30,D30,G30) -> 0 | J30: e.g. direct project expenses not related to travel | N30: =L30*M30 -> 0
A31: Contracts | D31: =B31*C31 -> 0 | G31: =E31*F31 -> 0 | H31: =SUM(N31,D31,G31) -> 0 | J31: e.g. setup, review, and payment | N31: =L31*M31 -> 0
A32: Travel Support | D32: =B32*C32 -> 0 | G32: =E32*F32 -> 0 | H32: =SUM(N32,D32,G32) -> 0 | J32: e.g. booking, reimbursement | N32: =L32*M32 -> 0
A33: Hospitality Support | D33: =B33*C33 -> 0 | G33: =E33*F33 -> 0 | H33: =SUM(N33,D33,G33) -> 0 | J33: e.g. workshops, ordering catering | N33: =L33*M33 -> 0
A34: Equipment Maintenance | D34: =B34*C34 -> 0 | G34: =E34*F34 -> 0 | H34: =SUM(N34,D34,G34) -> 0 | J34: e.g. maintenance of in-kind usage of instruments and research assets | N34: =L34*M34 -> 0
A35: Other (Clarify in Notes) | D35: =B35*C35 -> 0 | G35: =E35*F35 -> 0 | H35: =SUM(N35,D35,G35) -> 0 | N35: =L35*M35 -> 0
A36: Subtotal C | D36: =SUM(D29:D35) -> 0 | G36: =SUM(G29:G35) -> 0 | H36: =SUM(H29:H35) -> 0 | N36: =SUM(N29:N35) -> 0
A37: D. Institutional Services
A38: Office/Meeting Space | D38: =B39*B40*B41 -> 0 | G38: =E39*E40*E41 -> 0 | H38: =SUM(N38,D38,G38) -> 0 | J38: e.g. rent, insurance, maintenance, utilities, operations | N38: =L39*L40*L41 -> 0
A39: Square footage of space (approx) | J39: Orange to indicate different units than column headers.
A40: Cost per square foot per month (CAD)
A41: Usage per year (in months related to the project) | J41: Estimate how much time per year will this space be used to further the objectives of the project? Is it 10% / year? If so, indicate 1.2 months.
A42: Communications | D42: =B42*C42 -> 0 | G42: =E42*F42 -> 0 | H42: =SUM(N42,D42,G42) -> 0 | J42: e.g. information dissemination, use of existing networks | N42: =L42*M42 -> 0
A43: IT support | D43: =B43*C43 -> 0 | G43: =E43*F43 -> 0 | H43: =SUM(N43,D43,G43) -> 0 | J43: e.g. employee onboarding, digital infrastructure and security | N43: =L43*M43 -> 0
A44: Digital License Fees | H44: =SUM(N44,D44,G44) -> 0 | J44: Which software licenses will be used by the project? No hours or hourly rate needed.
A45: Other (Clarify in Notes) | D45: =B45*C45 -> 0 | G45: =E45*F45 -> 0 | H45: =SUM(N45,D45,G45) -> 0 | N45: =L45*M45 -> 0
A46: Subtotal D | D46: =SUM(D38,D42:D45) -> 0 | G46: =SUM(G38,G42:G45) -> 0 | H46: =SUM(H38,H42:H45) -> 0 | N46: =SUM(N38,N42:N45) -> 0
A47: E. Insurance | H47: =SUM(N47,D47,G47) -> 0 | J47: e.g. liability covered by the institution. Not a direct expense of the project, otherwise it should go on the project budget.
A49: F. Other (Clarify in Notes) | D49: =B49*C49 -> 0 | G49: =E49*F49 -> 0 | H49: =SUM(N49,D49,G49) -> 0 | N49: =L49*M49 -> 0
A51: Total Indirect Costs: | D51: =SUM(D20,D27,D36,D46,D47,D49) -> 0 | G51: =SUM(G20,G27,G36,G46,G47,G49) -> 0 | H51: =SUM(H20,H27,H36,H46,H47,H49) -> 0 | J51: The sum of indirect cost subtotals A + B + C + D + E + F. | N51: =SUM(N20,N27,N36,N46,N47,N49) -> 0
A52: Total Indirect Cost %: | D52: =IFERROR(D51/(D14),0) -> 0 | G52: =IFERROR(G51/(G14),0) -> 0 | H52: =IFERROR(H51/SUM(N14+D14+G14),0) -> 0 | J52: The full indirect cost as a percentage of the requested funds from MEOPAR. | N52: =IFERROR(N51/N14,0) -> 0
A53: Indirect cost requested from MEOPAR in FY: | B53: Max 15%: | C53: =0.15*D14 -> 0 | E53: Max 15%: | F53: =0.15*G14 -> 0 | H53: =SUM(N53,D53,G53) -> 0 | J53: Enter the indirect costs requested from MEOPAR. Must be less than, or equal to, the Total Indirect Costs. | L53: Max 15%: | M53: =0.15*N14 -> 0
A54: Requested Indirect Cost %: | D54: =IFERROR(D53/D14,0) -> 0 | G54: =IFERROR(G53/G14,0) -> 0 | H54: =IFERROR((H53/(SUM(N14,D14,G14))),0) -> 0 | J54: This percentage must not exceed 15% | N54: =IFERROR(N53/N14,0) -> 0
A55: Matching indirect costs contributed by institution: | D55: =D51-D53 -> 0 | G55: =G51-G53 -> 0 | H55: =(H51-H53) -> 0 | J55: If the institution is providing these services without federal funds, this is an eligible matching contribution that should be copied over to Appendix C. | N55: =N51-N53 -> 0
A57: Additional Justification / Comments
